 Dungeon Crawl Stone Soup version 0.17-a0-1420-geb41feb (webtiles) character file.

106 Elesser the Magician (level 4, 0/25 HPs)
             Began as a Deep Elf Wizard on June 24, 2015.
             Succumbed to a worker ant's poison
             ... on level 3 of the Dungeon.
             The game lasted 01:02:21 (3214 turns).

Elesser the Magician (Deep Elf Wizard)              Turns: 3214, Time: 01:02:21

Health: 0/25       AC:  2    Str:  4    XL:     4   Next: 55%
Magic:  1/13       EV: 13    Int: 24    God:
Gold:   114        SH:  0    Dex: 13    Spells: 6 memorised, 1 level left

rFire  . . .     SeeInvis .     m - +0 dagger
rCold  + . .     Clarity  .     a - +0 robe
rNeg   . . .     SustAt   .     (no shield)
rPois  +         Gourm    .     b - +0 hat
rElec  .         Spirit   .     (no cloak)
rCorr  .         Warding  .     (no gloves)
rMut   .         Stasis   .     (no boots)
MR     .....                    (no amulet)
Stlth  ++........               M - ring of protection from cold
                                g - ring of poison resistance

@: lethally poisoned (0 -> -2), not resistant to hostile enchantments,
unstealthy
A: no striking features
a: no special abilities


You were on level 3 of the Dungeon.
You were near starving.

You visited 1 branch of the dungeon, and saw 3 of its levels.

You collected 114 gold pieces.

Inventory:

Hand weapons
 d - a +0 mace
 f - a +0 short sword
 i - a +0 mace
 j - a +0 club
 m - a +0 dagger (weapon)
 p - a +0 club
 q - a +0 club
 s - a +0 club
 y - a +0 club
 B - a +0 club
 E - a cursed -1 club
 F - a +0 hand axe
 H - a +0 dagger
 I - a +0 whip
 L - a +0 club
 N - a +0 club
Missiles
 l - 66 bolts
 o - 31 stones (quivered)
 w - 44 arrows
 D - 20 bolts of flame
 J - 12 sling bullets
Armour
 a - a +0 robe (worn)
 b - a +0 hat (worn)
 e - a +0 robe
 t - a cursed +0 scale mail
 A - a +0 chain mail
 C - a +0 chain mail
 Q - a +0 chain mail
Jewellery
 g - a ring of poison resistance (left hand)
 M - a ring of protection from cold (right hand)
Scrolls
 h - 3 scrolls of teleportation {unknown}
 r - 2 scrolls of fear
 u - a scroll of fog {unknown}
 v - a scroll of noise {unknown}
 x - 2 scrolls of remove curse {unknown}
 G - a scroll of enchant weapon {unknown}
Potions
 k - a potion of cure mutation {unknown}
 n - a potion of might {unknown}
 z - a potion of flight {unknown}
 K - a potion of invisibility {unknown}
Books
 c - a book of Minor Magic

   Spells                             Type                      Level
   a - Magic Dart                     Conjuration                  1
   b - Blink                          Translocation                2
   c - Call Imp                       Summoning                    2
   d - Repel Missiles                 Charms/Air                   2
   e - Slow                           Hexes                        2
   f - Conjure Flame                  Conjuration/Fire             3
   g - Mephitic Cloud                 Conjuration/Poison/Air       3
Comestibles
 O - a bread ration
 P - a royal jelly
 R - 3 chunks of flesh


   Skills:
 + Level 1.0 Fighting
 + Level 1.2 Short Blades
 + Level 0.2 Armour
 + Level 3.0 Dodging
 + Level 3.2 Stealth
 + Level 5.0 Spellcasting
 + Level 1.7 Conjurations
 + Level 0.6 Hexes
 + Level 0.4 Charms
 + Level 1.4 Summonings
 + Level 1.3 Translocations
 + Level 0.0 Fire Magic
 + Level 0.8 Air Magic


You had one spell level left.
You knew the following spells:

 Your Spells              Type           Power        Failure   Level  Hunger
a - Magic Dart            Conj           ##..         6%          1    None
b - Blink                 Tloc           N/A          10%         2    None
c - Slow                  Hex            #.......     12%         2    None
d - Call Imp              Summ           ##......     10%         2    None
e - Repel Missiles        Chrm/Air       #.....       12%         2    None
f - Conjure Flame         Conj/Fire      ##......     21%         3    ##.....


Dungeon Overview and Level Annotations

Branches:
Dungeon (3/15)

Altars:


Message History

Confirm with . or Enter, or press ? or * to list all spells.
Aiming: Magic Dart
Press: ? - help, Shift-Dir - straight line, f/p - worker ant
Aim: a worker ant (moderately wounded)
The magic dart hits the worker ant.
The worker ant is moderately wounded.
The worker ant bites you.
* * * LOW HITPOINT WARNING * * *
The worker ant bites you.
* * * LOW HITPOINT WARNING * * *
Your magical contamination has completely faded away.
Press: ? - help, v - describe, . - travel
Here: a worker ant (moderately wounded)
The floor.
Press: ? - help, v - describe, . - travel A rock wall.
Casting: Magic Dart
Confirm with . or Enter, or press ? or * to list all spells.
You don't have enough magic to cast that spell.
You die...

..# #.# #.......##### ..#
#.# ###.........# ..# #.#
#.........# ..# #.#
#.........# ..# #.#
#.........# ######
#.########.........#
..>..#
#.#......'.........#
####.#
#.#.######.........# #.#
#.#......@.a.......#
###.###.#######.#.########
#.............#.#.#
#.#.............#.#
#.#####.#####.###.# #.#
#.# #.# #.# #.# #.# #.#
#.# #.# #.# #.# #.# #.#
#.# #.# #.#


You could see a worker ant.

Vanquished Creatures
  2 adders (D:2)
  4 oozes
  A worm (D:3)
  A giant gecko (D:2)
  A ball python (D:3)
  9 bats
  3 giant cockroaches
  4 goblins (D:1)
  6 hobgoblins
  A quokka (D:2)
  3 giant newts
  6 kobolds
  9 rats
50 creatures vanquished.

Vanquished Creatures (collateral kills)
  Ijyb (D:3)
  2 worms (D:2)
  An orc (D:3)
  A ball python (D:2)
  A hobgoblin (D:2)
  2 bats (D:2)
8 creatures vanquished.

Grand Total: 58 creatures vanquished

Notes
Turn   | Place    | Note
--------------------------------------------------------------
     0 | D:1      | Elesser the Deep Elf Wizard began the quest for the Orb.
     0 | D:1      | Reached XP level 1. HP: 10/10 MP: 7/7
   277 | D:1      | Reached XP level 2. HP: 12/15 MP: 5/9
   289 | D:1      | Learned a level 2 spell: Blink
   292 | D:1      | Learned a level 2 spell: Slow
   295 | D:1      | Learned a level 2 spell: Call Imp
   298 | D:1      | Learned a level 2 spell: Repel Missiles
   765 | D:2      | Reached skill level 1 in Short Blades
   765 | D:2      | Reached XP level 3. HP: 15/20 MP: 4/11
  1042 | D:2      | HP: 1/20 [worm (10)]
  1062 | D:2      | HP: 1/20 [bat (1)]
  2241 | D:2      | Reached XP level 4. HP: 24/24 MP: 8/12
  2279 | D:2      | Learned a level 3 spell: Conjure Flame
  2702 | D:3      | Noticed Ijyb
  2734 | D:3      | Killed Ijyb
  2734 | D:3      | Reached skill level 1 in Fighting
  2801 | D:3      | Reached skill level 5 in Spellcasting
  2812 | D:3      | Noticed an ice beast
  3213 | D:3      | HP: 1/25 [worker ant (5)]
  3214 | D:3      | Succumbed to a worker ant's poison

Vault maps used:
D:1:      dpeg_arrival_windows_large_door
D:3:      first_bread, uniq_iyjb, uniq_crazy_yiuf_cottage, uniq_natasha

Action                   |  1- 3 |  4- 6 || total
-------------------------+-------+-------++-------
Melee: Short sword       |    12 |       ||    12
       Unarmed           |     1 |       ||     1
       Dagger            |    46 |     8 ||    54
 Cast: Magic Dart        |    77 |    27 ||   104
       Repel Missiles    |     1 |       ||     1
       Call Imp          |     6 |     7 ||    13
       Blink             |     4 |     1 ||     5
       Slow              |     2 |     2 ||     4
       Conjure Flame     |       |     3 ||     3
  Use: Scroll            |     1 |       ||     1
 Stab: Sleeping          |     4 |     2 ||     6
  Eat: Bread ration      |     1 |       ||     1
       Chunk             |     1 |       ||     1
